 Dungeon Crawl Stone Soup version 0.17-a0-1115-g0372368 (console) character file.

230 Monkaria the Slasher (level 5, 0/41 HPs)
             Began as a Demonspawn Chaos Knight on May 23, 2015.
             Succumbed to a worker ant's poison
             ... on level 4 of the Dungeon.
             The game lasted 00:03:34 (2731 turns).

Monkaria the Slasher (Demonspawn Chaos Knight)      Turns: 2731, Time: 00:03:34

Health: 0/41       AC:  8    Str: 14    XL:     5   Next: 72%
Magic:  5/5        EV: 11    Int: 13    God:    Xom [...*..]
Gold:   162        SH:  0    Dex: 12    Spells: 0 memorised, 4 levels left

rFire  . . .     SeeInvis .     a - +0 falchion (chaos)
rCold  . . .     Clarity  .     b - +2 leather armour
rNeg   + . .     SustAt   .     (no shield)
rPois  .         Gourm    .     i - +2 hat
rElec  .         Spirit   .     (no cloak)
rCorr  .         Warding  .     (no gloves)
rMut   .         Stasis   .     u - +0 pair of boots
MR     .....                    y - amulet of rage
Stlth  +.........               (no ring)
                                g - ring of positive energy (curse)

@: lethally poisoned (0 -> -4), not resistant to hostile enchantments, very
unstealthy
A: antennae 2
a: Renounce Religion, Evoke Berserk Rage


You were on level 4 of the Dungeon.
You worshipped Xom.
You were a favourite toy of Xom.
You were not hungry.

You visited 1 branch of the dungeon, and saw 4 of its levels.

You collected 162 gold pieces.

Inventory:

Hand weapons
 a - a +0 falchion of chaos (weapon)
 w - a +2 dagger of venom
Missiles
 h - 10 poisoned needles
Armour
 b - a +2 leather armour (worn)
 i - a +2 hat (worn)
 u - a +0 pair of boots (worn)
Jewellery
 g - a cursed ring of positive energy (left hand)
 y - an amulet of rage (around neck)
Magical devices
 x - a wand of paralysis (17)
Scrolls
 d - a scroll of magic mapping {unknown}
 e - 3 scrolls of random uselessness {unknown}
 f - 3 scrolls of identify {unknown}
 k - a scroll of enchant armour {unknown}
 l - a scroll of fog {unknown}
 n - 3 scrolls of remove curse {unknown}
 r - a scroll of fear {unknown}
 s - a scroll of immolation {unknown}
Potions
 m - 2 potions of cancellation
 q - a potion of flight
Miscellaneous
 o - a plain deck of wonders
Comestibles
 c - 3 bread rations
 j - 3 fruits
 p - 5 chunks of flesh
 z - 2 meat rations


   Skills:
 - Level 3.6 Fighting
 + Level 5.6 Long Blades
 - Level 1.7 Armour
 - Level 0.8 Dodging


You had 4 spell levels left.
You didn't know any spells.

Dungeon Overview and Level Annotations

Branches:
Dungeon (4/15)
 Temple: D:4-7

Altars:
Cheibriados
Nemelex Xobeh
Trog


Innate Abilities, Weirdness & Mutations

You have a pair of antennae on your head.


Message History

* * * LOW HITPOINT WARNING * * *
You feel sick.
* * * LOW HITPOINT WARNING * * *
You feel sick.
* * * LOW HITPOINT WARNING * * *
You feel sick.
You see here 14 gold pieces.
* * * LOW HITPOINT WARNING * * *
You feel sick.
* * * LOW HITPOINT WARNING * * *
You feel sick.
You see here a scroll labeled GOOREVORUA.
* * * LOW HITPOINT WARNING * * *
You feel sick.
* * * LOW HITPOINT WARNING * * *
You feel sick.
* * * LOW HITPOINT WARNING * * *
You feel sick.
You die...
Xom guffaws!

#........## #.#
###....###..###$.#
..... ###..#..##
... ##.....###.
...# ##..........
. .. #.....####..
.## ##..#..#
#.###$###..#
#@#?.## ....#
##.### .##.#
####.# # ## #....#
######


There were no monsters in sight!

Vanquished Creatures
  An iguana (D:4)
  A worker ant (D:4)
  6 gnolls
  5 adders
  An ooze (D:1)
  2 worms
  2 giant geckos (D:2)
  5 orcs (D:3)
  A ball python (D:1)
  2 bats (D:3)
  A giant cockroach (D:1)
  15 hobgoblins
  2 jackals (D:1)
  5 kobolds
  A quokka (D:2)
  3 giant newts
  3 goblins
  A quokka skeleton (D:4)
  3 rats
60 creatures vanquished.

Notes
Turn   | Place    | Note
--------------------------------------------------------------
     0 | D:1      | Monkaria the Demonspawn Chaos Knight began the quest for the Orb.
     0 | D:1      | Reached XP level 1. HP: 18/18 MP: 1/1
    26 | D:1      | XOM: silly message
    85 | D:1      | Gained mutation: You have a pair of small antennae on your head. [demonic ancestry]
    85 | D:1      | Reached XP level 2. HP: 20/24 MP: 2/2
   264 | D:1      | XOM: divination: detect creatures
   446 | D:1      | XOM: silly message
   523 | D:1      | XOM: mild Conj miscast
   586 | D:2      | Reached XP level 3. HP: 29/29 MP: 3/3
   780 | D:2      | Found a sparkling altar of Nemelex Xobeh.
   957 | D:2      | Found a bloodstained altar of Trog.
  1165 | D:2      | XOM: divination: detect creatures
  1166 | D:2      | Reached skill level 4 in Long Blades
  1187 | D:2      | XOM: divination: detect creatures
  1210 | D:2      | XOM: silly message
  1267 | D:2      | Gained mutation: You have a pair of antennae on your head. [demonic ancestry]
  1267 | D:2      | Reached XP level 4. HP: 26/36 MP: 4/4
  1297 | D:3      | Found a snail-covered altar of Cheibriados.
  1681 | D:3      | XOM: cast spell 'Confusing Touch'
  1726 | D:3      | XOM: colour smoke trail
  1791 | D:3      | XOM: smoke on damage
  1810 | D:3      | HP: 1/36 [orc/flail (9)]
  1811 | D:3      | Reached XP level 5. HP: 1/41 MP: 5/5
  2031 | D:3      | XOM: colour smoke trail
  2292 | D:4      | XOM: confuse monster(s)
  2309 | D:4      | Reached skill level 5 in Long Blades
  2602 | D:3      | XOM: scenery: 1 doors open
  2728 | D:4      | HP: 2/41 [poisoned by a worker ant]
  2731 | D:4      | Succumbed to a worker ant's poison

Vault maps used:
D:1:      roderic_dead_forest
D:2:      nemelex_deck, lightli_temple_of_fire
D:3:      cheibriados_altar_1, first_bread
D:4:      bloody_makhleb

Action                   |  1- 3 |  4- 6 || total
-------------------------+-------+-------++-------
Melee: Falchion          |   107 |   119 ||   226
  Use: Potion            |       |     7 ||     7
 Stab: Confused          |     1 |     1 ||     2
       Paralysed         |       |     2 ||     2
  Eat: Chunk             |     1 |     5 ||     6
